Map: [ESL] Inside and Out

Players

Strange - Winner!

  • Race: Protoss Protoss
  • Spawn Location: 7:00

YoungYakov

  • Race: Zerg Zerg
  • Spawn Location: 1:00

Event: DreamHack SC2 Masters 2022 Atlanta (Online)

VOD

Have the link to the VOD?

Description

Time

  • Played on: Oct. 9, 2022, 11:56 a.m.
  • Length: 5:01

All games in this series

Show
View Real Time Build Order
Export as new Build Order

Strange Protoss - Winner!

Build Orders: 1 Gate Expand 

Get SALT Encoding   

  12  0:00  Probe  
  13  0:12  Probe  
  14  0:19  Pylon  
  14  0:24  Probe  
  15  0:37  Probe (Chrono Boost)  
  15  0:39  Gateway  
  16  0:46  Probe (Chrono Boost)  
  16  0:49  Assimilator  
  17  0:51  Probe  
  18  1:03  Probe  
  19  1:15  Probe  
  20  1:26  Nexus  
  20  1:36  Cybernetics Core  
  20  1:39  Probe  
  21  1:45  Assimilator  
  21  1:51  Probe  
  21  1:53  Pylon  
  22  2:03  Probe  
  23  2:10  Adept (Chrono Boost)  
  23  2:13  Warp Gate  
  23  2:15  Probe (Chrono Boost)  
  26  2:24  Twilight Council  
  26  2:27  Probe (Chrono Boost)  
  27  2:32  Stalker  
  27  2:35  Probe (Chrono Boost)  
  30  2:38  Probe (Chrono Boost)  
  32  2:47  Probe x2 (Chrono Boost)  
  33  2:55  Probe  
  34  2:58  Gateway  
  34  3:00  Gateway  
  34  3:08  Probe  
  34  3:09  Gateway  
  34  3:11  Probe  
  36  3:14  Adept  
  36  3:18  Resonating Glaives (Chrono Boost)  
  38  3:22  Probe  
  39  3:27  Probe  
  39  3:29  Pylon  
  39  3:34  Probe  
  41  3:41  Pylon  
  41  3:48  Shield Battery  
  38  3:57  Pylon  
  38  4:01  Sentry  
  33  4:03  Adept  
  33  4:07  Adept  
  33  4:08  Adept  
  34  4:19  Adept  
  34  4:21  Probe  
  35  4:26  Adept  
  35  4:27  Probe  
  35  4:30  Adept x2  
  42  4:33  Probe  
  40  4:42  Probe (Chrono Boost)  
  40  4:45  Probe (Chrono Boost)  
Show
View Real Time Build Order
Export as new Build Order

YoungYakov Zerg 

Build Orders: Hatch First 

Get SALT Encoding   

  12  0:00  Drone  
  13  0:12  Overlord  
  13  0:17  Drone  
  14  0:30  Drone x2  
  16  0:43  Drone  
  17  0:52  Hatchery  
  17  0:55  Drone  
  17  0:58  Drone  
  18  1:09  Extractor  
  17  1:13  Spawning Pool  
  17  1:16  Drone  
  17  1:20  Drone  
  18  1:27  Drone  
  19  1:39  Drone  
  20  1:49  Overlord  
  20  2:01  Zergling x2  
  21  2:03  Queen x2  
  21  2:04  Zergling x2  
  26  2:10  Metabolic Boost  
  26  2:14  Zergling x2  
  26  2:15  Zergling x2  
  28  2:29  Zergling x4  
  30  2:40  Hatchery  
  29  2:45  Zergling x2  
  29  2:46  Zergling x4  
  32  2:53  Overlord  
  32  2:57  Zergling x2  
  33  3:03  Zergling x2  
  34  3:08  Zergling x4  
  36  3:16  Zergling x2  
  36  3:17  Zergling x8  
  41  3:24  Overlord  
  41  3:36  Overlord  
  38  3:53  Zergling x10  
  38  4:09  Zergling x8  
  37  4:17  Zergling x4  
  34  4:29  Zergling x4  
  34  4:36  Zergling x4  
Tags
 
Add a new tag
Caveats
  • Supply blocks, unpowered buildings, or Contaminate may cause inaccurate times.
  • Supply counts are checked every 10 seconds.